 Dungeon Crawl Stone Soup version 0.30-a0-862-g1aabd4f9c5 (webtiles) character file.

Game seed: 14009731010663361724

2026 bande the Chopper (level 9, -2/55 HPs)
             Began as a Gargoyle Fighter on Mar 9, 2023.
             Was a Follower of Okawaru.
             Slain by a rust devil (9 damage)
             ... summoned by a kobold demonologist
             ... on level 7 of the Dungeon.
             The game lasted 00:12:17 (6077 turns).

bande the Chopper (Gargoyle Fighter)                Turns: 6077, Time: 00:12:18

Health: -2/55      AC: 10    Str: 20    XL:     9   Next: 23%
Magic:  11/11      EV: 12    Int:  9    God:    Okawaru [*.....]
Gold:   553        SH:  5    Dex: 13    Spells: 8/8 levels left

rFire   . . .      SeeInvis .    a - +1 war axe
rCold   . . .      Faith    .    c - +0 buckler
rNeg    + + .      Spirit   .    j - +0 chain mail
rPois   ∞          Reflect  .    n - +1 helmet
rElec   +          Rampage  .    (no cloak)
rCorr   .                        (no gloves)
Will    .....                    (no boots) Stlth
                                 (no amulet)
HPRegen 0.29/turn                f - ring of positive energy
MPRegen 0.12/turn                l - +5 ring of evasion

@: corroded, on berserk cooldown, slowed, very slow
A: sickness immunity, AC +6, negative energy resistance 1, electricity
resistance, torment resistance 1, petrification resistance
a: Renounce Religion, Heroism


You were on level 7 of the Dungeon.
You worshipped Okawaru.
Okawaru was aware of your devotion.
You visited 2 branches of the dungeon, and saw 8 of its levels.

You collected 553 gold pieces.

Inventory:

Hand Weapons
 a - a +1 war axe (weapon)
 C - a +2 morningstar of holy wrath
Missiles
 u - a throwing net (quivered)
Armour
 c - a +0 buckler (worn)
 j - a +0 chain mail (worn)
 n - a +1 helmet (worn)
 o - +0 ice dragon scales
Jewellery
 e - an amulet of magic regeneration
 f - a ring of positive energy (left hand)
 l - a +5 ring of evasion (right hand)
Wands
 A - a wand of digging (6)
Scrolls
 g - 5 scrolls of teleportation
 m - 5 scrolls of enchant armour
 t - a scroll of silence
 v - a scroll of enchant weapon
 w - a scroll of amnesia
 y - a scroll of identify
Potions
 b - 3 potions of curing
 d - 2 potions of might
 h - a potion of ambrosia
 k - 4 potions of flight
 p - 2 potions of heal wounds {unknown}
 q - a potion of degeneration {unknown}
 r - 2 potions of mutation {unknown}
 s - a potion of invisibility {unknown}
 x - a potion of cancellation {unknown}
 z - a potion of haste {unknown}
 B - 2 potions of brilliance {unknown}


   Skills:
 + Level 6.0 Fighting
 + Level 7.8 Axes
 + Level 6.2 Armour
 + Level 5.2 Shields
 * Level 3.6 Invocations


You had 8 spell levels left.
You didn't know any spells.
Your spell library contained the following spells:

 Spells                   Type           Power      Damage    Failure   Level
 Ensorcelled Hibernation  Hex/Ice        0%         N/A       100%        2
 Wereblood                Tmut           0%         N/A       100%        2
 Kindle Blastsparks       Fire/Tloc/Air  0%         2d10      100%        3
 Spider Form              Tmut/Pois      0%         N/A       100%        3
 Anguish                  Hex/Necr       0%         N/A       100%        4
 Fulminant Prism          Conj/Hex       0%         3d5       100%        4
 Iskenderun's Mystic Bla  Conj/Tloc      0%         2d3       100%        4
 Lee's Rapid Deconstruct  Erth           0%         3d4*      100%        5
 Sublimation of Blood     Necr           Unusable   N/A       N/A         2
 Summon Hydra             Summ           Unusable   N/A       N/A         7

Dungeon Overview and Level Annotations

Branches:
Dungeon (7/15)             Temple (1/1) D:5

Altars:
Ashenzari
Cheibriados
Dithmenos
Elyvilon
Gozag
Hepliaklqana
Makhleb
Nemelex Xobeh
Okawaru
Qazlal
Ru
Uskayaw
Vehumet
Wu Jian
Xom
Zin
The Shining One

Shops:
D:4 [


Innate Abilities, Weirdness & Mutations

You are immune to sickness and miasma.
Your stone body is resilient. (AC +6)
You are immune to poison.
You resist negative energy. (rN+)
You are resistant to electric shocks. (rElec)
You are resistant to unholy torment.
You are immune to petrification.


Message History

You block the rust devil's attack.
You hit the soul eater but do no damage.
The soul eater is heavily wounded.
You barely miss the rust devil. The soul eater hits you!
* * * LOW HITPOINT WARNING * * *
The rust devil barely misses you.
You hit the soul eater.
The soul eater is heavily wounded.
You closely miss the rust devil. The soul eater completely misses you.
You closely miss the soul eater.
The soul eater is heavily wounded.
You barely miss the rust devil. The rust devil misses you.
The kobold demonologist begins to cast a cantrip, but forgets the words!
You hit the soul eater but do no damage.
The soul eater is heavily wounded.
You slash the rust devil!
The soul eater disappears in a puff of smoke!
The rust devil closely misses you.
You hit the kobold demonologist.
The kobold demonologist is lightly wounded.
You barely miss the rust devil.
The kobold demonologist hits you but does no damage.
The rust devil closely misses you.
You barely miss the kobold demonologist.
The kobold demonologist is lightly wounded.
You slash the rust devil!
You barely miss the kobold demonologist.
The kobold demonologist is lightly wounded.
You hit the rust devil but do no damage.
The rust devil hits you. The rust devil corrodes you!
The kobold demonologist hits you but does no damage.
You slash the kobold demonologist!
The kobold demonologist is moderately wounded.
You hit the rust devil but do no damage.
You are no longer berserk.
You are exhausted.
You feel yourself slow down.
The crimson imp blinks!
You block the kobold demonologist's attack.
The rust devil hits you!
You die...

#.## #.#....#
#...........##≈ ...#
#.#....# #.####.##..## #
#.## #.#....# #.#
#.##.## #.# #......# #..
.....# #.# ####.### ###
##.#### #.# #......####
#.. #.# ####.##.#..).#
#..
..###........5.)4####
##.
..(......##....)@K5K#
###...##......#.##K.....
#...##.##..##.# ..####
.....##.##.....# ...
#.#..###.###.##.# ##.
#.#..# #.# .....# # .
.... ..# ...$.. #.####
##. ###


You could see a rust devil (summoned), a kobold demonologist, 2 kobold brigands,
a crimson imp (summoned) and a shadow imp (summoned).

Vanquished Creatures
  Grinder (D:4)
  Duvessa (D:4)
  2 ice beasts
  A black bear (D:5)
  A sky beast (D:6)
  An ogre (D:5)
  2 phantoms
  A centaur (D:7)
  2 kobold brigands (D:7)
  A bullfrog (D:6)
  A scorpion (D:6)
  Dowan (D:4)
  3 howler monkeys
  2 hounds
  An orc priest (D:4)
  2 jellies
  5 iguanas
  3 orc wizards
  7 adders
  4 gnolls (D:5)
  A shadow imp (D:5)
  A white imp (D:7)
  2 ufetubi
  5 worms (D:2)
  6 dart slugs
  17 orcs
  6 ball pythons
  8 endoplasms
  6 giant cockroaches
  6 goblins
  6 hobgoblins
  6 jackals
  2 kobolds
  3 quokkas (D:2)
  5 bats
  7 rats
129 creatures vanquished.

Vanquished Creatures (others)
  An orc wizard (D:5)
  8 plants (D:7)
9 creatures vanquished.

Grand Total: 138 creatures vanquished

Notes
Turn   | Place    | Note
-------+----------+-------------------------------------------
     0 | D:1      | bande the Gargoyle Fighter began the quest for the Orb.
     0 | D:1      | Reached XP level 1. HP: 14/14 MP: 1/1
    46 | D:1      | Reached XP level 2. HP: 19/19 MP: 2/2
   211 | D:1      | Reached skill level 2 in Axes
   436 | D:1      | Reached XP level 3. HP: 22/23 MP: 3/3
   929 | D:2      | Reached XP level 4. HP: 29/29 MP: 4/4
  2015 | D:3      | Reached skill level 3 in Axes
  2041 | D:3      | Found a faded altar of an unknown god.
  2265 | D:4      | Noticed Grinder
  2279 | D:4      | Killed Grinder
  2280 | D:4      | Reached skill level 4 in Axes
  2280 | D:4      | Reached XP level 5. HP: 27/33 MP: 5/5
  2280 | D:4      | Reached XP level 6. HP: 31/38 MP: 6/6
  2390 | D:4      | Identified the +0 robe "Lodesi" {rN+}
  2521 | D:4      | Found a hazy altar of Hepliaklqana.
  2698 | D:4      | Reached skill level 5 in Axes
  2698 | D:4      | Reached XP level 7. HP: 33/44 MP: 7/7
  2698 | D:4      | Found a glowing silver altar of Zin.
  2916 | D:4      | Found Acadd's Armour Boutique.
  3288 | D:5      | Entered Level 5 of the Dungeon
  3288 | D:5      | Noticed Duvessa
  3288 | D:5      | Noticed Dowan
  3426 | D:4      | Killed Duvessa
  3427 | D:4      | Reached skill level 5 in Armour
  3428 | D:4      | Killed Dowan
  3617 | D:5      | Found a staircase to the Ecumenical Temple.
  3647 | Temple   | Entered the Ecumenical Temple
  3651 | Temple   | Reached skill level 6 in Axes
  3697 | Temple   | Became a worshipper of Warmaster Okawaru
  3733 | D:5      | Reached skill level 5 in Fighting
  3733 | D:5      | Reached XP level 8. HP: 33/49 MP: 8/8
  3995 | D:5      | Reached skill level 1 in Invocations
  4146 | D:5      | Found a burning altar of Makhleb.
  4154 | D:5      | Found a glowing golden altar of the Shining One.
  4216 | D:5      | Found a snail-covered altar of Cheibriados.
  4231 | D:5      | Found a sparkling altar of Nemelex Xobeh.
  4232 | D:5      | Found an opulent altar of Gozag.
  4689 | D:6      | Found a broken altar of Ashenzari.
  4771 | D:6      | Reached * piety under Okawaru
  4772 | D:6      | Reached skill level 7 in Axes
  5254 | D:6      | Reached skill level 5 in Shields
  5357 | D:7      | Reached XP level 9. HP: 52/55 MP: 11/11
  5568 | D:7      | Noticed a kobold demonologist
  5578 | D:7      | Noticed a smoke demon
  5583 | D:7      | HP: 1/55 [smoke demon/divine providence[a kobold
                  | demonologist] (13)]
  5585 | D:7      | Noticed a rust devil
  5587 | D:7      | Found a white marble altar of Elyvilon.
  6047 | D:7      | Noticed a soul eater
  6049 | D:7      | Noticed an ice devil
  6051 | D:7      | Noticed a red devil
  6067 | D:7      | Noticed a rust devil
  6077 | D:7      | Slain by a rust devil

Illustrated notes

Levels and vault maps discovered:
D:1:      lightli_iron_boxes, layout_rooms, minmay_close_crescents
D:2:      layout_rooms
D:3:      layout_basic, chequers_ecumenical_altar_simple_redux
D:4:      layout_loops_ring, mainiacjoe_overflow_24_doors,
          amcnicky_altar_gilded, serial_shops, nicolae_shop_advertising_works
          [nicolae_subvault_shop_adworks], kennysheep_cross_bottleneck,
          uniq_grinder
D:5:      layout_rooms, grunt_temple_overflow_opulence, kennysheep_mini_moat,
          grunt_temple_overflow_open, minmay_temple_entry_sparse_star,
          nrook_campfire, uniq_duvessa
D:6:      layout_loops_ring, mainiacjoe_overflow_boulevard
D:7:      layout_loops_cross, nicolae_elyvilon_temple_path,
          dreamdust_wishing_well
Temple:   hellmonk_temple_micro_hex

Skill      XL: |  1  2  3  4  5  6  7  8  9 |
---------------+----------------------------+-----
Axes           | 2 4 5 6 7 |  7.8
Armour         | 4 5 6 |  6.2
Shields        | 4 5 |  5.2
Fighting       | 4 5 6 |  6.0
Invocations    | 3 |  3.6

Action                     |  1- 3 |  4- 6 |  7- 9 || total
---------------------------+-------+-------+-------++-------
  Melee: War axe           |   106 |   147 |   332 ||   585
    Use: Scroll            |       |     7 |    13 ||    20
         Potion            |       |       |     5 ||     5
 Armour: Scale mail        |    52 |       |       ||    52
         Chain mail        |    48 |   102 |   224 ||   374
  Dodge: Dodged            |    65 |    64 |   205 ||   334
  Block: Buckler           |    32 |    32 |    80 ||   144

Table legend: (Time is in decaauts)
 A = Elapsed time spent in this place.
 B = Non-inter-level travel time spent in this place.
 C = Inter-level travel time spent in this place.
 D = Time resting spent in this place.
 E = Time spent auto-exploring this place.
 F = Levels seen in this place.
 G = Mean time per level.
                   A        B        C        D        E       F      G
               +--------+--------+--------+--------+--------+-----+--------+
         Total |   6238 |   6127 |    111 |   1492 |   3150 |   8 |  779.8 |
       Dungeon |   6181 |   6070 |    111 |   1492 |   3150 |   7 |  883.0 |
        Temple |     57 |     57 |      0 |      0 |      0 |   1 |   57.0 |
               +--------+--------+--------+--------+--------+-----+--------+

Top non-repeatable levels by time:
     D:4: 1380 daAuts
     D:6: 1074 daAuts
     D:3: 919 daAuts
     D:5: 780 daAuts
     D:1: 700 daAuts
     D:2: 696 daAuts
     D:7: 630 daAuts
  Temple: 57 daAuts
